 Dungeon Crawl Stone Soup version 0.30-a0-722-g3e6e8c874d (webtiles) character file.

Game seed: 10383356905694042818

14873 IdlyInterested the Covert (level 11, -10/86 HPs)
             Began as a Demonspawn Monk on Jan 27, 2023.
             Killed by divine providence
             ... invoked by a meliai
              (12 damage)
             ... on level 13 of the Dungeon.
             The game lasted 00:49:59 (13715 turns).

IdlyInterested the Covert (Demonspawn Monk)        Turns: 13715, Time: 00:49:59

Health: -10/86     AC: 14    Str: 13    XL:     11   Next: 94%
Magic:  20/20      EV: 15    Int: 15    God:
Gold:   232        SH:  0    Dex: 22    Spells: 10/10 levels left

rFire   + . .      SeeInvis +    c - +5 dagger
rCold   . . .      Faith    .    (no shield)
rNeg    . . .      Spirit   .    k - +3 ring mail
rPois   +          Reflect  .    (no helmet)
rElec   .          Harm     .    M - +2 cloak
rCorr   .          Rampage  .    D - +0 pair of fencer's gloves {Riposte Dex+3}
Will    .....                    (no boots)
Stlth   ++++++                   g - amulet of magic regeneration
HPRegen 0.34/turn                V - ring of Finein {+Blink MP+9 Int+4 Stlth+}
MPRegen 0.74/turn                Y - ring "Xuuso" {rPois rF+ Slay+2 SInv}

@: no status effects
A: yellow scales 1, ignite blood 2, magic regeneration, demonic touch 2
a: Evoke Blink


You were on level 13 of the Dungeon.
You visited 2 branches of the dungeon, and saw 14 of its levels.
You also visited: Sewer.

You collected 788 gold pieces.
You spent 556 gold pieces at shops.

Inventory:

Hand Weapons
 c - a +5 dagger (weapon)
 v - a +2 short sword of venom
Missiles
 d - 10 boomerangs
 j - 173 stones
 s - 49 poisoned darts (quivered)
Armour
 k - a +3 ring mail (worn)
 C - +0 steam dragon scales
 D - the +0 pair of fencer's gloves (worn) {Riposte Dex+3}
   (You found it on level 5 of the Dungeon)

   Riposte:   It allows the wearer to riposte with melee weapons, swiftly
   retaliating against missed or blocked melee attacks.
   Dex:       It affects your dexterity (+3).
 E - a +0 ring mail of fire resistance
 F - a +2 robe of cold resistance
 M - a +2 cloak (worn)
Jewellery
 g - an amulet of magic regeneration (around neck)
 o - a ring of ice
 p - a ring of positive energy
 w - a ring of protection from cold
 z - a ring of wizardry
 V - the ring of Finein (left hand) {+Blink MP+9 Int+4 Stlth+}
   (You found it on level 9 of the Dungeon)

   [ring of magical power]

   Int:       It affects your intelligence (+4).
   MP:        It affects your magic capacity (+9).
   +Blink:    It lets you blink.
   Stlth:     It makes you more stealthy.
 Y - the ring "Xuuso" (right hand) {rPois rF+ Slay+2 SInv}
   (You found it on level 11 of the Dungeon)

   [ring of poison resistance]

   Slay:      It affects your accuracy & damage with ranged weapons and melee
   (+2).
   rF:        It protects you from fire.
   rPois:     It protects you from poison.
   SInv:      It lets you see invisible.
Wands
 y - a wand of polymorph (5)
 J - a wand of acid (20)
 U - a wand of flame (9)
Scrolls
 a - 2 scrolls of amnesia
 f - 9 scrolls of teleportation
 l - a scroll of torment
 n - 2 scrolls of vulnerability
 q - a scroll of enchant armour
 B - 5 scrolls of poison
 I - 5 scrolls of fog
Potions
 b - 2 potions of might
 e - 3 potions of berserk rage
 h - 3 potions of lignification
 i - 3 potions of haste
 r - 4 potions of curing
 t - 4 potions of attraction
 u - 2 potions of flight
 G - a potion of brilliance
 K - 2 potions of mutation
 O - a potion of cancellation
 S - a potion of resistance
 T - 3 potions of invisibility
 W - a potion of magic
Miscellaneous
 X - a box of beasts


   Skills:
 - Level 8.0 Fighting
 - Level 11.0 Short Blades
 - Level 2.0 Throwing
 - Level 2.0 Armour
 + Level 7.0 Dodging
 * Level 11.6 Stealth
 - Level 2.0 Evocations


You had 10 spell levels left.
You didn't know any spells.
Your spell library contained the following spells:

 Spells                   Type           Power      Damage    Failure   Level
 Apportation              Tloc           0%         N/A       50%         1
 Necrotise                Necr           0%         1d4       50%         1
 Slow                     Hex            0%         N/A       50%         1
 Summon Small Mammal      Summ           0%         N/A       50%         1
 Cigotuvi's Dreadful Rot  Necr/Pois/Air  0%         N/A       65%         2
 Lesser Beckoning         Tloc           0%         N/A       65%         2
 Poisonous Vapours        Pois/Air       0%         N/A       65%         2
 Static Discharge         Conj/Air       0%         2-2/arc   65%         2
 Call Canine Familiar     Summ           0%         N/A       86%         3
 Confusing Touch          Hex            0%         N/A       86%         3
 Gell's Gravitas          Tloc           0%         N/A       86%         3
 Kindle Blastsparks       Fire/Tloc/Air  0%         2d10      86%         3
 Mephitic Cloud           Conj/Pois/Air  0%         N/A       86%         3
 Portal Projectile        Hex/Tloc       0%         N/A       86%         3
 Teleport Other           Tloc           0%         N/A       86%         3
 Vampiric Draining        Necr           0%         2d6       86%         3
 Vhi's Electric Charge    Tloc/Air       0%         N/A       86%         3
 Animate Armour           Summ/Erth      0%         N/A       99%         4
 Fulminant Prism          Conj/Hex       0%         3d5       99%         4
 Iskenderun's Mystic Bla  Conj/Tloc      0%         2d3       99%         4
 Leda's Liquefaction      Hex/Erth       0%         N/A       99%         4
 Petrify                  Tmut/Erth      0%         N/A       99%         4
 Alistair's Intoxication  Tmut/Pois      0%         N/A       100%        5
 Arcjolt                  Conj/Air       0%         1d10      100%        5
 Blade Hands              Tmut           0%         N/A       100%        5
 Lee's Rapid Deconstruct  Erth           0%         3d4*      100%        5
 Lightning Bolt           Conj/Air       0%         1d11      100%        5
 Metabolic Englaciation   Hex/Ice        0%         N/A       100%        5
 Iron Shot                Conj/Erth      0%         9d1       100%        6
 Statue Form              Tmut/Erth      0%         N/A       100%        6
 Malign Gateway           Summ/Tloc      0%         N/A       100%        7
 Summon Horrible Things   Summ           0%         N/A       100%        8


Dungeon Overview and Level Annotations

Branches:
Dungeon (13/15)            Temple (1/1) D:7            Lair (0/5) D:8
    Orc (0/2) D:11          Sewer (visited)
 Vaults: D:13-14

Altars:
Ashenzari
Cheibriados
Dithmenos
Fedhas
Gozag
Hepliaklqana
Kikubaaqudgha
Makhleb
Nemelex Xobeh
Okawaru
Qazlal
Ru
Sif Muna
Trog
Uskayaw
Vehumet
Wu Jian
Xom
Yredelemnul

Shops:
D:8 *   D:12 *


Innate Abilities, Weirdness & Mutations

You are partially covered in yellow scales. (AC +2)
Your demonic aura often causes spilled blood to erupt in flames.
You regenerate magic rapidly.
Your touch may inflict irresistible damage on your foes.


Message History

The red ugly thing tail-slaps you but does no damage.
You puncture the red ugly thing!
The red ugly thing is almost dead.
You hit the red ugly thing but do no damage.
Your touch misses the red ugly thing.
The red ugly thing is almost dead.
The red ugly thing is engulfed in blazing flames.
The red ugly thing tail-slaps you.
* * * LOW HITPOINT WARNING * * *
You are engulfed in flames!
You resist.
* * * LOW HITPOINT WARNING * * *
You hit the red ugly thing.
The red ugly thing is almost dead.
You hit the red ugly thing.
The red ugly thing is almost dead.
The red ugly thing is engulfed in blazing flames.
You kill the red ugly thing!
Your Dodging skill increases to level 7!
You feel much better. The meliai hits you with a +0 hand axe!
The meliai stings you but does no damage.
A meliai comes into view. It is wielding a +1 rapier of speed.
The meliai calls down the wrath of its god upon you.
Something smites you!
* * * LOW HITPOINT WARNING * * *
The meliai barely misses you. The meliai closely misses you.
You barely miss the meliai. The meliai hits you with a +0 hand axe.
* * * LOW HITPOINT WARNING * * *
The meliai stings you.
* * * LOW HITPOINT WARNING * * *
The meliai hits you with a +0 hand axe!
* * * LOW HITPOINT WARNING * * *
The meliai barely misses you.
Okay, then.
Blink to where?
Press: ? - help, Dir - move target
As you read the scroll of blinking, it crumbles to dust.
The meliai buzzes angrily.
The meliai mumbles some strange prayers to its god against you.
Something smites you!
You die...

... .. #.#.##
c#.#... .......
.. #......## .
##.....# .
#.....@###
#.#....y...#
##.#.....y..##
#............#
..##$y........##
..............#
.......°○○..###
.......)†.###
.......##..#


You could see a centaur warrior (wandering) and 3 meliai.

Vanquished Creatures
  Fannar (D:12)
  A hydra (D:13)
  2 two-headed ogres (D:11)
  An ugly thing (D:13)
  2 manticores
  A cyclops (D:11)
  Maurice (D:13)
  Maggie (D:8)
  A gargoyle (D:12)
  2 komodo dragons
  3 trolls
  Grinder (D:5)
  Sigmund (D:6)
  A slime creature (D:7)
  A shadow (D:12)
  9 yaks
  2 vampires
  2 wyverns
  Menkaure (D:7)
  2 vampire mosquitoes (D:11)
  4 water moccasins
  4 orc warriors
  5 black bears
  2 ice beasts (D:6)
  2 sky beasts
  4 wolves (D:8)
  An ogre (D:5)
  3 centaurs
  A phantom (D:5)
  7 kobold brigands
  5 gnoll sergeants
  Blork the orc (D:5)
  3 bullfrogs
  2 necrophages (D:5)
  4 scorpions
  10 killer bees
  6 electric eels (D:8)
  8 howler monkeys
  3 jellies
  Crazy Yiuf (D:7)
  2 gnoll boudas (D:7)
  7 hounds
  3 orc priests
  4 iguanas (D:5)
  2 orc wizards
  44 gnolls
  10 adders
  2 shadow imps (D:8)
  3 white imps
  4 ufetubi
  2 worms (D:2)
  A dart slug (D:2)
  34 orcs
  7 ball pythons
  7 bats
  4 endoplasms
  5 giant cockroaches
  8 goblins
  5 hobgoblins
  3 jackals
  8 quokkas
  6 frilled lizards
  55 kobolds
  3 rats
341 creatures vanquished.

Vanquished Creatures (others)
  An orc wizard (D:9)
  3 plants (D:1)
4 creatures vanquished.

Grand Total: 345 creatures vanquished

Notes
Turn   | Place    | Note
-------+----------+-------------------------------------------
     0 | D:1      | IdlyInterested the Demonspawn Monk began the quest for the
                  | Orb.
     0 | D:1      | Reached XP level 1. HP: 18/18 MP: 1/1
   166 | D:1      | Gained mutation: Your touch may inflict minor irresistible
                  | damage on your foes. [demonic ancestry]
   166 | D:1      | Reached XP level 2. HP: 24/24 MP: 2/2
   533 | D:1      | Reached skill level 1 in Armour
   533 | D:1      | Reached XP level 3. HP: 29/29 MP: 3/3
  1054 | D:2      | Found a faded altar of an unknown god.
  1250 | D:2      | Gained mutation: Your touch may inflict irresistible damage
                  | on your foes. [demonic ancestry]
  1250 | D:2      | Reached XP level 4. HP: 23/35 MP: 4/4
  1494 | D:2      | Found a burning altar of Makhleb.
  1702 | D:3      | Found a glowing drain.
  1715 | Sewer    | Entered a sewer
  1765 | Sewer    | Noticed a water moccasin
  1781 | Sewer    | Killed a water moccasin
  1782 | Sewer    | Reached skill level 5 in Short Blades
  1782 | Sewer    | Gained mutation: You regenerate magic rapidly. [demonic
                  | ancestry]
  1782 | Sewer    | Reached XP level 5. HP: 24/41 MP: 5/5
  2252 | D:3      | Reached XP level 6. HP: 43/47 MP: 6/6
  3340 | D:4      | Reached skill level 1 in Evocations
  3340 | D:4      | Gained mutation: Your demonic aura sometimes causes spilled
                  | blood to erupt in flames. [demonic ancestry]
  3340 | D:4      | Reached XP level 7. HP: 47/52 MP: 7/7
  3956 | D:5      | Entered Level 5 of the Dungeon
  4038 | D:5      | Reached skill level 1 in Throwing
  4121 | D:5      | Noticed Grinder
  4124 | D:5      | Paralysed by Grinder for 3 turns
  4141 | D:5      | Killed Grinder
  4142 | D:5      | Gained mutation: Your demonic aura often causes spilled
                  | blood to erupt in flames. [demonic ancestry]
  4142 | D:5      | Reached XP level 8. HP: 58/58 MP: 8/8
  4220 | D:5      | Noticed Blork the orc
  4221 | D:5      | Killed Blork the orc
  4848 | D:5      | Found the +0 pair of fencer's gloves {Riposte Dex+3}
  5253 | D:6      | Gained mutation: You are partially covered in yellow
                  | scales. (AC +2) [demonic ancestry]
  5253 | D:6      | Reached XP level 9. HP: 57/65 MP: 9/9
  5257 | D:6      | Reached skill level 10 in Short Blades
  5294 | D:6      | Noticed Sigmund
  5309 | D:6      | Killed Sigmund
  6093 | D:7      | Noticed Menkaure
  6095 | D:7      | Killed Menkaure
  6096 | D:7      | Found a staircase to the Ecumenical Temple.
  6105 | Temple   | Entered the Ecumenical Temple
  6393 | D:7      | Reached skill level 5 in Stealth
  6404 | D:7      | Reached skill level 5 in Fighting
  6412 | D:7      | Noticed a komodo dragon
  6428 | D:7      | Killed a komodo dragon
  6429 | D:7      | Reached XP level 10. HP: 32/76 MP: 10/10
  6760 | D:7      | Found a runed translucent door.
  6761 | D:7      | Noticed Crazy Yiuf
  6768 | D:7      | Killed Crazy Yiuf
  6909 | D:7      | Found a shimmering blue altar of Sif Muna.
  7507 | D:8      | Noticed Maggie
  7518 | D:8      | Killed Maggie
  8072 | D:8      | Found a staircase to the Lair.
  8323 | D:8      | Found Mustros's Assorted Antiques.
  8328 | D:8      | Bought a scroll labelled TIFIKU MEAFON for 30 gold pieces
  8793 | D:8      | Found a shadowy altar of Dithmenos.
  8796 | D:8      | Found an ornate altar of the Wu Jian Council.
  8805 | D:8      | Found a sacrificial altar of Ru.
  9075 | D:8      | Bought a potion of curing for 90 gold pieces
 10259 | D:9      | Identified the ring of Finein {+Blink MP+9 Int+4 Stlth+}
 10670 | D:10     | Entered Level 10 of the Dungeon
 10920 | D:10     | Reached skill level 10 in Stealth
 11229 | D:10     | Reached XP level 11. HP: 86/86 MP: 11/11
 11550 | D:11     | Noticed a two-headed ogre
 11555 | D:11     | Killed a two-headed ogre
 11617 | D:11     | Found a transporter.
 11617 | D:11     | Found a transporter.
 11743 | D:11     | Found a staircase to the Orcish Mines.
 11751 | D:11     | Reached skill level 5 in Dodging
 12148 | D:11     | Noticed a two-headed ogre
 12155 | D:11     | Killed a two-headed ogre
 12297 | D:11     | Identified the ring "Xuuso" {rPois rF+ Slay+2 SInv}
 13033 | D:12     | Noticed Fannar
 13055 | D:12     | Killed Fannar
 13247 | D:12     | Noticed a deep elf pyromancer
 13364 | D:12     | Found Soebliwo's General Store.
 13589 | D:12     | Bought a potion of curing for 36 gold pieces
 13589 | D:12     | Bought a potion of might for 48 gold pieces
 13589 | D:12     | Bought a wand of acid (7) for 352 gold pieces
 13663 | D:13     | Noticed a five-headed hydra
 13668 | D:13     | Noticed Maurice
 13676 | D:13     | Killed a five-headed hydra
 13691 | D:13     | Noticed a red ugly thing
 13699 | D:13     | Killed Maurice
 13711 | D:13     | Killed a red ugly thing
 13713 | D:13     | HP: 1/86 [meliai/+0 hand axe (10)]
 13715 | D:13     | Noticed a centaur warrior
 13715 | D:13     | Killed from afar by a meliai

Illustrated notes

Levels and vault maps discovered:
D:1:      eino_arrival_tree_alley, layout_loops_ring,
          hangedman_decor_peaks_small, solitary_fountain, minmay_tetromino_s2
D:2:      layout_basic, basic_altar, basic_ecumenical_altar
D:3:      minmay_goblin_kobold_castle, layout_basic, gup_sewer_entry_pipe
D:4:      layout_gridville
D:5:      minmay_razor_zed, layout_basic, kennysheep_decorative_pillar,
          uniq_grinder, uniq_blork_the_orc
D:6:      layout_basic, uniq_sigmund
D:7:      cheibrodos_fzero, layout_loops_ring, marbit_many_paths,
          minmay_temple_entry_antechambers, dk_noncrumbling_4, uniq_menkaure,
          uniq_crazy_yiuf_cottage
D:8:      layout_basic, grunt_temple_overflow_open, erik_lair_island,
          serial_shops, nicolae_shop_trees, uniq_maggie
D:9:      layout_stronghold
D:10:     layout_roguey, kennysheep_little_box
D:11:     layout_irregular_city, david_orc_2, minmay_misc_feat_square,
          nicolae_diode_stairs
D:12:     layout_gridville, serial_shops, kennysheep_mini_moat,
          dreamdust_princess_bridge, minmay_misc_feat_plants, uniq_fannar
D:13:     layout_cave_pools, uniq_maurice
Temple:   minmay_crystal_spiral_temple

Skill      XL: |  1  2  3  4  5  6  7  8  9 10 11 |
---------------+----------------------------------+-----
Stealth        | 2 7 10 11 | 11.6
Short Blades   | 3 4 5 6 8 9 10 11 | 11.0
Armour         | 1 2 |  2.0
Evocations     | 1 2 |  2.0
Throwing       | 2 |  2.0
Fighting       | 4 6 8 |  8.0
Dodging        | 3 4 7 |  7.0

Action                     |  1- 3 |  4- 6 |  7- 9 | 10-12 || total
---------------------------+-------+-------+-------+-------++-------
  Melee: Short sword       |   124 |    83 |       |       ||   207
         Punch             |     2 |       |     4 |     7 ||    13
         Touch             |    15 |    47 |    69 |    92 ||   223
         Dagger            |       |    95 |   273 |   434 ||   802
  Throw: Stone             |     2 |     7 |    15 |     1 ||    25
         Dart              |       |       |       |    45 ||    45
         Boomerang         |       |       |       |     3 ||     3
  Evoke: Wand              |       |       |       |     4 ||     4
    Use: Scroll            |       |     4 |    13 |    11 ||    28
         Potion            |       |     2 |     3 |     7 ||    12
   Stab: Sleeping          |     1 |     1 |     4 |    10 ||    16
         Distracted        |       |       |     1 |     1 ||     2
 Armour: Robe              |    11 |       |       |       ||    11
         Ring mail         |    49 |    60 |    90 |   135 ||   334
  Dodge: Dodged            |    87 |    86 |   123 |   189 ||   485
Riposte: Dagger            |       |       |    15 |    47 ||    62

Table legend: (Time is in decaauts)
 A = Elapsed time spent in this place.
 B = Non-inter-level travel time spent in this place.
 C = Inter-level travel time spent in this place.
 D = Time resting spent in this place.
 E = Time spent auto-exploring this place.
 F = Levels seen in this place.
 G = Mean time per level.
                   A        B        C        D        E       F      G
               +--------+--------+--------+--------+--------+-----+--------+
         Total |  13341 |  11455 |   1886 |   1706 |   6717 |  15 |  889.4 |
       Dungeon |  12910 |  11108 |   1802 |   1613 |   6555 |  13 |  993.1 |
        Temple |    211 |    127 |     84 |      0 |    111 |   1 |  211.0 |
         Sewer |    219 |    219 |      0 |     93 |     50 |   1 |  219.0 |
               +--------+--------+--------+--------+--------+-----+--------+

Top non-repeatable levels by time:
     D:8: 1743 daAuts
     D:3: 1427 daAuts
     D:7: 1386 daAuts
     D:9: 1270 daAuts
     D:5: 1245 daAuts
    D:12: 1102 daAuts
     D:1: 1023 daAuts
    D:10: 834 daAuts
    D:11: 833 daAuts
     D:6: 696 daAuts
     D:4: 694 daAuts
     D:2: 613 daAuts
   Sewer: 219 daAuts
  Temple: 211 daAuts
    D:13: 39 daAuts
